 Dungeon Crawl Stone Soup version 0.21.1-1-g345015f (webtiles) character file.

122 Hebeh the Shield-Bearer (level 4, -4/42 HPs)
             Began as a Deep Dwarf Fighter on June 17, 2018.
             Slain by Darkadept's ghost (12 damage)
             ... on level 3 of the Dungeon.
             The game lasted 00:03:43 (1753 turns).

Hebeh the Shield-Bearer (Deep Dwarf Fighter)        Turns: 1753, Time: 00:03:44

Health: -4/42      AC:  7    Str: 20    XL:     4   Next: 78%
Magic:  2/2        EV:  7    Int:  9    God:
Gold:   102        SH:  9    Dex: 12    Spells: 3/3 levels left

rFire    . . .     SeeInvis .   a - +0 war axe
rCold    . . .     Gourm    .   c - +0 shield
rNeg     . . .     Faith    .   b - +0 scale mail
rPois    .         Spirit   .   (no helmet)
rElec    .         Reflect  .   (no cloak)
rCorr    .         Harm     .   (no gloves)
MR       .....                  (no boots)
Stlth    ..........             (no amulet)
HPRegen  0.00/turn              (no ring)
MPRegen  0.08/turn              (no ring)

@: non-regenerating
A: damage resistance, heal wounds, sense surroundings 1, no regeneration
a: Heal Wounds


You were on level 3 of the Dungeon.
You were not hungry.

You visited 1 branch of the dungeon, and saw 3 of its levels.

You collected 102 gold pieces.

Inventory:

Hand Weapons
 a - a +0 war axe (weapon)
Armour
 b - a +0 scale mail (worn)
 c - a +0 shield (worn)
Jewellery
 g - an uncursed ring of protection from magic {unknown}
Scrolls
 h - a scroll of magic mapping {unknown}
 i - 2 scrolls of teleportation {unknown}
 k - 4 scrolls of identify {unknown}
 m - a scroll of remove curse {unknown}
 q - a scroll of immolation {unknown}
Potions
 d - a potion of might
 e - a potion of lignification {unknown}
 l - 2 potions of mutation {unknown}
 n - a potion of magic {unknown}
 o - 2 potions of curing {unknown}
 p - a potion of agility {unknown}
Comestibles
 f - 5 rations
 j - 13 chunks of flesh


   Skills:
 + Level 3.3 Fighting
 * Level 3.9 Axes
 + Level 4.0 Armour
 + Level 4.0 Shields


You had 3 spell levels left.
You didn't know any spells.

Dungeon Overview and Level Annotations

Branches:
Dungeon (3/15)

Altars:

Annotations:
D:3 Darkadept's ghost, amateur GnWn


Innate Abilities, Weirdness & Mutations

You are resistant to damage.
You can heal yourself by infusing magical energy.
You passively map a small area around you.
You do not regenerate.


Message History

Darkadept's ghost is moderately damaged.
You block the bat's attack. Darkadept's ghost closely misses you.
You barely miss Darkadept's ghost.
Darkadept's ghost is moderately damaged.
The bat hits you but does no damage. Darkadept's ghost hits you!
You hit Darkadept's ghost.
Darkadept's ghost is heavily damaged.
The bat hits you but does no damage. Darkadept's ghost hits you!
Darkadept's ghost barely misses you.
You hit Darkadept's ghost but do no damage.
Darkadept's ghost is heavily damaged.
You closely miss the kobold. The bat hits you but does no damage.
The bat closely misses you. Darkadept's ghost hits you!
* * * LOW HITPOINT WARNING * * *
You block the kobold's attack.
You slash Darkadept's ghost!
Darkadept's ghost is heavily damaged.
You closely miss the kobold. The bat completely misses you.
Darkadept's ghost hits you!
You die...

#.# #.#.# #.#
#.#.# # *
######.###.#.## ,
K. #..............
* ,#.., *
#.............. ,
, ....
#..###.###.#### *
,#... #..# #.# #.#
.###..#####..# #.#
#.# # ,
.......K@W...# #.#
#.####
.###...b?........#
#..... *
............######
###### *
.###.........# #
...........# *
####........# ,,
....?....## #### ,
* , .>......##
#... * , #.##


You could see Darkadept's ghost, a bat and a kobold.

Vanquished Creatures
  An orc wizard (D:3)
  2 adders (D:2)
  A worm (D:3)
  2 dart slugs
  2 orcs (D:3)
  4 bats
  5 giant cockroaches
  6 hobgoblins
  14 jackals
  4 frilled lizards
  6 goblins
  5 kobolds
  8 rats
60 creatures vanquished.

Notes
Turn   | Place    | Note
-------+----------+-------------------------------------------
     0 | D:1      | Hebeh the Deep Dwarf Fighter began the quest for the Orb.
     0 | D:1      | Reached XP level 1. HP: 20/20 MP: 1/1
   602 | D:1      | Reached XP level 2. HP: 27/27 MP: 2/2
   964 | D:2      | Reached XP level 3. HP: 30/33 MP: 3/3
  1468 | D:3      | Reached XP level 4. HP: 24/42 MP: 4/4
  1733 | D:3      | Noticed Darkadept's ghost (amateur GnWn)
  1753 | D:3      | Slain by Darkadept's ghost

Skill      XL: |  1  2  3  4 |
---------------+-------------+-----
Axes           | 3 |  3.9
Fighting       | 3 |  3.3
Shields        | 4 |  4.0
Armour         | 4 |  4.0

Action                   |  1- 3 |  4- 6 || total
-------------------------+-------+-------++-------
Melee: War axe           |   114 |    69 ||   183
 Abil: Heal Wounds       |       |     2 ||     2
  Eat: Chunk             |     2 |     1 ||     3
Armor: Scale mail        |    55 |    60 ||   115
Dodge: Dodged            |    43 |    33 ||    76
Block: Shield            |    59 |    51 ||   110
